 Dungeon Crawl Stone Soup version 0.19-a0-376-gf780d9b (webtiles) character file.

221 ololoev the Firebug (level 5, -2/28 HPs)
             Began as a Deep Elf Fire Elementalist on May 30, 2016.
             Slain by a worker ant (7 damage)
             ... on level 4 of the Dungeon.
             The game lasted 00:06:02 (925 turns).

ololoev the Firebug (Deep Elf Fire Elementalist)     Turns: 925, Time: 00:06:03

Health: -2/28      AC:  3    Str:  3    XL:     5   Next: 65%
Magic:  1/13       EV: 18    Int: 21    God:
Gold:   192        SH:  0    Dex: 20    Spells: 4 memorised, 1 level left

rFire  . . .     SeeInvis .     (no weapon)
rCold  + + .     Gourm    .     a - +0 robe
rNeg   . . .     Faith    .     (no shield)
rPois  .         Spirit   .     (helmet restricted)
rElec  .         Dismiss  .     p - +0 cloak
rCorr  .         Reflect  .     (no gloves)
SustAt .         Harm     .     (no boots)
MR     .....                    (no amulet)
Stlth  +++.......               (no ring)
                                h - ring of protection from cold

@: agile, lethally poisoned (-2 -> -9), not resistant to hostile enchantments,
fairly stealthy
A: antennae 1, cold resistance 1, weak 1
a: no special abilities


Innate Abilities, Weirdness & Mutations

You have a pair of small antennae on your head.
Your flesh is cold resistant. (rC+)
You are weak. (Str -2)

Inventory:

Armour
 a - a +0 robe (worn)
 p - a +0 cloak (worn)
Jewellery
 h - a ring of protection from cold (left hand)
Scrolls
 i - a scroll of blinking {unknown}
 l - 2 scrolls of identify {unknown}
 n - 2 scrolls of remove curse {unknown}
 r - a scroll of immolation {unknown}
 s - a scroll of fear {unknown}
Potions
 d - a potion of agility
 e - a potion of curing {unknown}
 j - a potion of mutation
 k - a potion of berserk rage {unknown}
 o - a potion of heal wounds {unknown}
Books
 b - a book of Flames

   Spells                             Type                      Level
   a - Flame Tongue                   Conjuration/Fire             1
   b - Throw Flame                    Conjuration/Fire             2
   c - Conjure Flame                  Conjuration/Fire             3
   d - Inner Flame                    Hexes/Fire                   3
   e - Sticky Flame                   Conjuration/Fire             4
   f - Fireball                       Conjuration/Fire             5
Comestibles
 c - a bread ration
 f - a beef jerky
 g - 4 fruits
 q - a slice of pizza


   Skills:
 - Level 2.4 Dodging
 - Level 2.4 Stealth
 + Level 4.4 Spellcasting
 * Level 4.5 Conjurations
 + Level 4.5 Fire Magic


You had one spell level left.
You knew the following spells:

 Your Spells              Type           Power        Failure   Level  Hunger
a - Flame Tongue          Conj/Fire      ###..        1%          1    None
b - Conjure Flame         Conj/Fire      ###.....     6%          3    ##.....
c - Sticky Flame          Conj/Fire      ###.....     21%         4    ####...
e - Inner Flame           Hex/Fire       ##......     17%         3    ##.....


You were on level 4 of the Dungeon.
You were not hungry.

You visited 1 branch of the dungeon, and saw 4 of its levels.

You collected 192 gold pieces.

# # ..............# #
#..............# #
#..............# ..#
..............# ..#
..............# ..# #.
#...........# ..###.#.
#...........# ........
#....@a.....#
.......#...#...........#
.......#..!#...........#
.## ..##..##.##########
.#####.##..##.#
.......##..##'######
######....>#.......#
####..##.##.......#
#.........#.......#

Notes
Turn   | Place    | Note
--------------------------------------------------------------
     0 | D:1      | ololoev the Deep Elf Fire Elementalist began the quest for the Orb.
     0 | D:1      | Reached XP level 1. HP: 10/10 MP: 6/6
   192 | D:1      | Reached XP level 2. HP: 8/15 MP: 2/8
   400 | D:2      | Reached XP level 3. HP: 8/19 MP: 3/9
   405 | D:2      | Learned a level 3 spell: Conjure Flame
   409 | D:2      | Learned a level 3 spell: Inner Flame
   624 | D:4      | Reached XP level 4. HP: 20/24 MP: 7/11
   718 | D:4      | Found Umuist's Assorted Antiques.
   786 | D:4      | Noticed an ogre
   794 | D:4      | Killed an ogre
   794 | D:4      | Reached XP level 5. HP: 28/28 MP: 3/13
   804 | D:4      | Learned a level 4 spell: Sticky Flame
   924 | D:4      | Gained mutation: You have a pair of small antennae on your head. [potion of mutation]
   924 | D:4      | Gained mutation: You are weak. (Str -2) [potion of mutation]
   924 | D:4      | Gained mutation: Your flesh is cold resistant. (rC+) [potion of mutation]
   925 | D:4      | Slain by a worker ant

Dungeon Overview and Level Annotations

Branches:
Dungeon (4/15)
 Temple: D:4-7

Altars:

Shops:
D:4 *


Message History

Aiming: Flame Tongue
Press: ? - help, Shift-Dir - straight line, f/p - ooze
Aim: an ooze (heavily wounded)
The flame tongue hits the ooze.
You kill the ooze!
You feel sick.
You now have 192 gold pieces (gained 7).
You feel sick.
You are no longer poisoned.
Things that are here:
a club; an orc corpse 2 goblins come into view.
You see here an adder corpse. 2 goblins come into view.
The goblin shouts! x2 2 goblins come into view.
A hobgoblin comes into view. It is wielding a club.
The goblin shouts!
Found 9 gold pieces and a scroll labeled MIOSUNGE HITORR.
Press: ? - help, v - describe, . - travel
Here: a goblin The floor.
The goblin shouts! x2
You see here an adder corpse.
There is a stone staircase leading down here.
You climb downwards.
The worker ant misses you. The worker ant barely misses you.
There is a stone staircase leading up here.
Casting: Flame Tongue
Confirm with . or Enter, or press ? or * to list all spells.
Aiming: Flame Tongue
Press: ? - help, Shift-Dir - straight line, f - worker ant
Aim: a worker ant The flame tongue hits the worker ant.
The worker ant appears unharmed.
The worker ant closely misses you.
Casting: Flame Tongue
Confirm with . or Enter, or press ? or * to list all spells.
Aiming: Flame Tongue
Press: ? - help, Shift-Dir - straight line, f/p - worker ant
Aim: a worker ant The flame tongue hits the worker ant.
The worker ant is heavily wounded.
The worker ant bites you.
All of the chunks of flesh in your inventory have rotted away.
No previous command to re-do.
No previous command to re-do.
Casting: Flame Tongue
Confirm with . or Enter, or press ? or * to list all spells.
Aiming: Flame Tongue
Press: ? - help, Shift-Dir - straight line, f/p - worker ant
Aim: a worker ant (heavily wounded)
The flame tongue hits the worker ant.
The worker ant is almost dead.
The worker ant bites you.
Casting: Flame Tongue
Confirm with . or Enter, or press ? or * to list all spells.
Aiming: Flame Tongue
Press: ? - help, Shift-Dir - straight line, f/p - worker ant
Aim: a worker ant (almost dead)
The flame tongue hits the worker ant.
The worker ant is almost dead.
The worker ant bites you.
You are lethally poisoned!
The worker ant poisons you! The worker ant barely misses you.
Casting: Flame Tongue
Confirm with . or Enter, or press ? or * to list all spells.
Aiming: Flame Tongue
Press: ? - help, Shift-Dir - straight line, f/p - worker ant
Aim: a worker ant (almost dead)
The flame tongue misses the worker ant.
You feel sick. The worker ant bites you.
It was a potion of mutation.
You feel extremely strange. A pair of antennae grows on your head!
You feel weaker.
You feel resistant to cold.
You feel sick.
The worker ant bites you but does no damage.
It was a potion of agility.
You feel agile all of a sudden.
You feel sick. The worker ant bites you!
You die...

You could see a worker ant.

Vanquished Creatures
  An ogre (D:4)
  2 giant frog skeletons (D:4)
  3 adders (D:3)
  A gnoll (D:2)
  An ooze (D:3)
  A worm (D:4)
  2 orcs
  4 bats
  7 giant cockroaches
  3 goblins (D:2)
  5 hobgoblins
  A quokka (D:2)
  3 kobolds
  5 rats
39 creatures vanquished.

Action                   |  1- 3 |  4- 6 || total
-------------------------+-------+-------++-------
Melee: Unarmed           |    16 |       ||    16
 Cast: Flame Tongue      |    51 |    33 ||    84
       Conjure Flame     |     2 |     2 ||     4
  Use: Potion            |       |     2 ||     2
Armor: Robe              |    17 |     2 ||    19
Dodge: Dodged            |    44 |    18 ||    62

Vault maps used:
D:1:      roderic_dead_forest, minmay_strange_pillars
D:3:      kennysheep_the_goblin_king, zin_treasury
D:4:      serial_shops, nicolae_shop_competitors_out_of_business
